 Dungeon Crawl Stone Soup version 0.27-a0-1456-gf5a116941d (webtiles) character file.

Game seed: 8877068883736533968

108351 spiderkeys the Unseen (level 16, -3/113 HPs)
             Began as an Octopode Abyssal Knight on July 7, 2021.
             Was the Champion of Lugonu.
             Slain by a two-headed ogre (16 damage)
             ... while paralysed by an ogre mage
             ... on level 15 of the Dungeon.
             The game lasted 01:06:33 (26152 turns).

spiderkeys the Unseen (Octopode Abyssal Knight)    Turns: 26152, Time: 01:06:34

Health: -3/113     AC:  5    Str: 12    XL:     16   Next: 49%
Magic:  24/28      EV:  2    Int: 14    God:    Lugonu [******]
Gold:   121        SH:  0    Dex: 24    Spells: 14/31 levels left

rFire    . . .     SeeInvis +   V - +9 quick blade (distort) {rare}
rCold    . . .     Faith    .   l - +3 buckler
rNeg     . . .     Spirit   .   (helmet restricted)
rPois    .         Reflect  .   g - amulet of regeneration
rElec    .         Harm     .   E - +4 ring of evasion
rCorr    +         Rampage  .   Z - ring of wizardry
Will     +....                  e - +4 ring of evasion
Stlth    ++++++++..             R - ring of resist corrosion
HPRegen  1.28/turn              O - +4 ring of protection
MPRegen  0.21/turn              D - +6 ring of dexterity
                                F - +4 ring of evasion
                                v - ring of see invisible

@: paralysed, death channeling
A: almost no armour, amphibious, 8 rings, camouflage 1, gelatinous body 1,
(nimble swimmer 1), tentacles, mutation resistance 1, wild magic 1
a: Renounce Religion, Depart the Abyss, Bend Space, Banish, Corrupt, Enter the
Abyss


You were on level 15 of the Dungeon.
You worshipped Lugonu.
Lugonu was exalted by your worship.
You visited 3 branches of the dungeon, and saw 23 of its levels.
You visited the Abyss 1 time.
You also visited: Sewer.

You collected 2087 gold pieces.
You spent 1966 gold pieces at shops.


Innate Abilities, Weirdness & Mutations

You cannot wear most types of armour.
You are amphibious.
You can wear up to eight rings at the same time.
Your skin changes colour to match your surroundings (Stealth+).
Your rubbery body absorbs attacks. (AC +1, EV +1)
((You are camouflaged near water. (Stealth+)))
You have tentacles for arms and can constrict up to eight enemies at once.
You are somewhat resistant to further mutation.
Your spells are a little harder to cast, but a little more powerful.


   Skills:
 + Level 11.6 Fighting
 - Level 10.0 Short Blades
 - Level 13.0 Dodging
 + Level 16.0 Stealth
 - Level 4.0 Shields
 - Level 8.0 Spellcasting
 + Level 11.5 Necromancy
 + Level 12.1 Invocations


You had 14 spell levels left.
You knew the following spells:

 Your Spells              Type           Power      Damage    Failure   Level
a - Animate Skeleton      Necr           98%        N/A       1%          1
d - Animate Dead          Necr           24%        N/A       1%          4
e - Excruciating Wounds   Necr           24%        N/A       2%          5
p - Pain                  Necr           100%       1d9       1%          1
t - Death Channel         Necr           24%        N/A       10%         6

Your spell library contained the following spells:

 Spells                   Type           Power      Damage    Failure   Level
 Sublimation of Blood     Necr           24%        N/A       1%          2
 Agony                    Necr           49%        N/A       2%          5
 Beastly Appendage        Tmut           14%        N/A       8%          1
 Corona                   Hex            7%         N/A       8%          1
 Magic Dart               Conj           28%        1d4       8%          1
 Sandblast                Erth           14%        2d6       8%          1
 Shock                    Conj/Air       28%        1d4       8%          1
 Summon Small Mammal      Summ           28%        N/A       8%          1
 Call Imp                 Summ           7%         N/A       11%         2
 Ensorcelled Hibernation  Hex/Ice        14%        N/A       11%         2
 Passwall                 Tmut/Erth      5%         N/A       11%         2
 Poisonous Vapours        Pois/Air       14%        N/A       11%         2
 Slow                     Hex            7%         N/A       11%         2
 Wereblood                Tmut           7%         N/A       11%         2
 Borgnjor's Vile Clutch   Necr/Erth      14%        N/A       17%         5
 Call Canine Familiar     Summ           7%         N/A       21%         3
 Confusing Touch          Hex            7%         N/A       21%         3
 Frozen Ramparts          Ice            14%        1d3       21%         3
 Ignite Poison            Fire/Tmut/Pois 7%         N/A       21%         3
 Mephitic Cloud           Conj/Pois/Air  7%         N/A       21%         3
 Portal Projectile        Hex/Tloc       14%        N/A       21%         3
 Spider Form              Tmut/Pois      3%         N/A       21%         3
 Stone Arrow              Conj/Erth      14%        3d7       21%         3
 Summon Guardian Golem    Hex/Summ       7%         N/A       21%         3
 Swiftness                Air            7%         N/A       21%         3
 Tukima's Dance           Hex            7%         N/A       21%         3
 Airstrike                Air            3%         N/A       50%         4
 Ice Form                 Ice/Tmut       7%         N/A       50%         4
 Leda's Liquefaction      Hex/Erth       3%         N/A       50%         4
 Petrify                  Tmut/Erth      7%         N/A       50%         4
 Summon Ice Beast         Ice/Summ       7%         N/A       50%         4
 Summon Lightning Spire   Summ/Air       7%         N/A       50%         4
 Blade Hands              Tmut           3%         N/A       82%         5
 Bolt of Magma            Conj/Fire/Erth 3%         4d5       82%         5
 Freezing Cloud           Conj/Ice/Air   3%         6-21      82%         5
 Irradiate                Conj/Tmut      3%         3d15      82%         5
 Lee's Rapid Deconstruct  Erth           3%         3d6*      82%         5
 Lightning Bolt           Conj/Air       3%         1d15      82%         5
 Summon Forest            Summ/Tloc      3%         N/A       82%         5
 Yara's Violent Unravell  Hex/Tmut       3%         3d4       82%         5
 Infestation              Necr           24%        N/A       96%         8
 Haunt                    Necr/Summ      14%        N/A       98%         7
 Eringya's Noxious Bog    Tmut/Pois      3%         N/A       100%        6
 Summon Hydra             Summ           3%         N/A       100%        7
 Lehudib's Crystal Spear  Conj/Erth      3%         10d3      100%        8
 Animate Armour           Summ/Erth      Unusable   N/A       N/A         4

Inventory:

Hand Weapons
 A - a +4 dagger of venom
   (You took it off Nergalle on level 11 of the Dungeon)
 K - the +4 short sword "Udghusan" {pain, rElec Stlth+}
   (You bought it in a shop on level 4 of the Dungeon)

   In the hands of one skilled in necromantic magic, it inflicts extra damage on
   living creatures.
   rElec:     It insulates you from electricity.
   Stlth:     It makes you more stealthy.
 V - a +9 quick blade of distortion (weapon) {rare}
   (You acquired it on level 13 of the Dungeon)
Missiles
 i - 8 datura-tipped darts
 o - 73 poisoned darts
 p - 11 javelins
 r - 7 silver javelins
Armour
 h - a +0 kite shield
   (You found it on level 1 of the Dungeon)
 l - a +3 buckler (worn)
   (You found it on level 2 of the Dungeon)
Jewellery
 e - a +4 ring of evasion (on tentacle)
   (You found it on level 1 of the Lair of Beasts)
 g - an amulet of regeneration (around mantle)
   (You found it on level 3 of the Dungeon)
 v - a ring of see invisible (on tentacle)
   (You bought it in a shop on level 11 of the Dungeon)
 D - a +6 ring of dexterity (on tentacle)
   (You found it on level 5 of the Lair of Beasts)
 E - a +4 ring of evasion (left tentacle)
   (You found it on level 9 of the Dungeon)
 F - a +4 ring of evasion (on tentacle)
   (You found it on level 2 of the Orcish Mines)
 O - a +4 ring of protection (on tentacle)
   (You found it on level 5 of the Lair of Beasts)
 R - a ring of resist corrosion (on tentacle)
   (You found it on level 4 of the Lair of Beasts)
 T - an amulet of faith {!P}
   (You found it on level 4 of the Dungeon)
 W - a ring of magical power
   (You found it on level 12 of the Dungeon)
 Z - a ring of wizardry (right tentacle)
   (You bought it in a shop on level 11 of the Dungeon)
Wands
 u - a wand of iceblast (25)
   (You found it on level 4 of the Abyss)
 z - a wand of flame (95)
   (You took it off Ijyb on level 5 of the Dungeon)
 I - a wand of paralysis (11)
   (You found it on level 2 of the Orcish Mines)
 L - a wand of polymorph (11)
   (You found it on level 8 of the Dungeon)
 M - a wand of mindburst (5)
   (You found it on level 9 of the Dungeon)
 N - a wand of digging (2)
   (You found it on level 9 of the Dungeon)
 Q - a wand of acid (4)
   (You found it on level 11 of the Dungeon)
Scrolls
 f - 5 scrolls of immolation {!r!r}
 j - 7 scrolls of amnesia
 k - a scroll of blinking {!r}
 m - 4 scrolls of identify {@r1}
 q - 4 scrolls of magic mapping {!r}
 s - 11 scrolls of teleportation {@r4}
 x - 3 scrolls of vulnerability {!r!r}
 y - 4 scrolls of fog
 C - 5 scrolls of fear
 P - a scroll of enchant armour
 S - a scroll of holy word
Potions
 a - 3 potions of lignification {!q}
 b - a potion of haste {@q3}
 c - 4 potions of magic
 d - 9 potions of curing {@q1}
 n - 3 potions of heal wounds {@q2}
 t - 2 potions of mutation {!q}
 w - 4 potions of flight
 B - 2 potions of might
 G - 2 potions of cancellation
 H - 3 potions of attraction {!q}
 J - a potion of invisibility
 X - a potion of ambrosia
Miscellaneous
 U - a phial of floods
   (You found it on level 4 of the Lair of Beasts)
 Y - a condenser vane
   (You found it on level 2 of the Lair of Beasts)

Dungeon Overview and Level Annotations

Branches:
Dungeon (14/15)            Temple (0/1) D:6            Lair (6/6) D:8
  Swamp (0/4) Lair:2        Snake (0/4) Lair:2        Slime (0/5) Lair:5
    Orc (2/2) D:9             Elf (0/3) Orc:2        Depths (0/5) D:15
  Sewer (visited)
 Vaults: D:13-14

Altars:
Ashenzari
Cheibriados
Fedhas
Gozag
Kikubaaqudgha
Makhleb
Qazlal
Ru
Sif Muna
Trog
Uskayaw
Vehumet
Wu Jian
Xom
Yredelemnul
Zin
The Shining One
Beogh
Jiyva

Shops:
D:2 [   D:4 (   D:5 =   D:11 ==?[[   Orc:2 [[:*

Annotations:
D:9 2 transporters, solopath's ghost, novice FoFi
D:10 3 runed translucent doors, octoduck's ghost, novice DrCj

########################
........................
......................##
....!......###..####..##
...........# #..# #..##
...........# #..# #..##
.......@...# #..# #..##
c.....OOO..# #..# #..##
.....O.QO..# #..# #..##
....O......# #..# #..##
................# #....
.............. #....
..(............ #..#.
............... #..#.
#..#.


You could see a tengu warrior, a centaur warrior, 3 two-headed ogres, an ogre
mage and 2 ogres.


Message History

You hit the emperor scorpion but do no damage.
Space bends around the emperor scorpion.
You hit the emperor scorpion.
Space warps horribly around the emperor scorpion!
The emperor scorpion stings you! The emperor scorpion barely misses you.
The emperor scorpion closely misses you. 😮 HP[-11]
You take 11 damage, and now have 80/113 hp.
You are too injured to fight recklessly!
You are too injured to fight recklessly!
You are too injured to fight recklessly!
The emperor scorpion stings you!
You are poisoned.
The emperor scorpion poisons you! The emperor scorpion misses you.
The emperor scorpion completely misses you. 😮 HP[-10] MP[+1]
You take 10 damage, and now have 70/113 hp.
You hit the emperor scorpion but do no damage.
Space bends around the emperor scorpion.
You feel very sick. 😮 HP[-3]
You take 3 damage, and now have 67/113 hp.
You hit the emperor scorpion but do no damage.
The emperor scorpion blinks!
You feel very sick. 😮 HP[-2]
You take 2 damage, and now have 65/113 hp.
You feel extremely sick. The emperor scorpion stings you!
* * * LOW HITPOINT WARNING * * *
You are lethally poisoned!
The emperor scorpion poisons you!
The emperor scorpion completely misses you.
The emperor scorpion misses you. 😨 HP[-19]
You take 19 damage, and now have 46/113 hp.
You hit the emperor scorpion.
You kill the emperor scorpion!
Lugonu accepts your kill.
A glowing mist starts to gather...
* * * LOW HITPOINT WARNING * * *
You feel very sick.
Your Stealth skill increases to level 16! 😨 HP[-5]
You take 5 damage, and now have 41/113 hp.
You feel better. 😨 HP[+10]
You regained 10 hp, and now have 51/113 hp.
Your unholy channel is weakening.
Your unholy channel expires.
Your spectral manticore fades into mist!
Your spectral dire elephant fades into mist!
Your spectral emperor scorpion fades into mist!
Key pressed, stopping explore.
You see here a dire elephant corpse.
Key pressed, stopping explore.
There is a staircase to the Depths here.
You see here a dire elephant corpse.
Key pressed, stopping explore.
Key pressed, stopping explore.
s - 11 scrolls of teleportation {@r4} (gained 1) 2 two-headed ogres and an ogre mage come into view. 😎 HP[+62] MP[+2]
Your hp is fully restored (113).
Your mp is fully restored (28).
Casting: Death Channel (dangerous; 10% risk of failure)
Confirm with . or Enter, or press ? or * to list all spells.
Malign forces permeate your being, awaiting release. 😎 MP[-6]
You lost 6 mp, and now have 22/28 mp.
An ogre and a tengu warrior come into view. 😎 MP[+1]
An ogre and a two-headed ogre come into view.
The ogre mage misses you.
The two-headed ogre shouts in stereo!
You puncture the two-headed ogre!
Space bends around the two-headed ogre.
You squeeze the two-headed ogre!
The two-headed ogre shouts in stereo!
The tengu warrior shouts!
The ogre shouts! x2; The two-headed ogre shouts in stereo!
You hear a shout!
You hit the two-headed ogre. You squeeze the two-headed ogre.
The two-headed ogre blinks!
The ogre mage completely misses you.
A centaur warrior comes into view.
You hit the ogre mage.
The ogre mage gestures at you while chanting.
You suddenly lose the ability to move!
The centaur warrior wields a +0 shortbow.
The centaur warrior shoots an arrow.
The arrow hits you!
The two-headed ogre hits you with a +0 giant club!!
The two-headed ogre hits you with a +0 giant spiked club!
The centaur warrior shoots an arrow.
The arrow hits you!
* * * LOW HITPOINT WARNING * * *
The ogre mage points at the two-headed ogre and mumbles some strange words.
The two-headed ogre seems to speed up.
The two-headed ogre hits you with a +0 giant club!!
* * * LOW HITPOINT WARNING * * *
The two-headed ogre completely misses you.
The centaur warrior shoots an arrow.
The arrow hits you!
* * * LOW HITPOINT WARNING * * *
The two-headed ogre hits you with a +0 dire flail!
You die...

Skill      XL: |  1  2  3  4  5  6  7  8  9 10 11 12 13 14 15 16 |
---------------+-------------------------------------------------+-----
Stealth        | 1 2 3 4 5 7 9 10 11 12 14 15 16 | 16.0
Dodging        | 3 4 5 6 8 9 10 11 12 13 | 13.0
Short Blades   | 3 4 5 6 7 8 9 10 | 10.0
Shields        | 1 2 3 4 |  4.0
Fighting       | 4 5 6 7 9 11 | 11.6
Necromancy     | 3 5 7 8 9 10 11 | 11.5
Invocations    | 4 7 8 10 11 12 | 12.1
Spellcasting   | 3 6 8 |  8.0

Action                   |  1- 3 |  4- 6 |  7- 9 | 10-12 | 13-15 | 16-18 || total
-------------------------+-------+-------+-------+-------+-------+-------++-------
Melee: Short sword       |    56 |    77 |   242 |   334 |       |       ||   709
       Constrict         |    14 |    18 |    39 |    45 |   123 |    59 ||   298
       Tentacles         |    10 |    11 |    62 |   152 |   330 |    90 ||   655
       Dagger            |       |       |       |   215 |       |       ||   215
       Quick blade       |       |       |       |     1 |  1242 |   349 ||  1592
Throw: Dart              |       |     1 |     3 |     4 |     9 |     7 ||    24
 Cast: Pain              |       |       |       |     6 |       |       ||     6
       Excruciating Woun |       |       |       |       |     3 |       ||     3
       Death Channel     |       |       |       |       |     1 |     5 ||     6
Invok: Depart the Abyss  |     1 |       |       |       |       |       ||     1
       Bend Space        |       |       |       |     3 |     2 |     1 ||     6
       Banish            |       |       |       |       |     5 |       ||     5
       Brand Weapon With |       |       |       |       |     1 |       ||     1
Evoke: Wand              |       |       |    11 |    27 |     2 |       ||    40
  Use: Scroll            |     6 |     4 |     6 |     9 |    10 |     3 ||    38
       Potion            |       |       |     2 |     5 |     7 |     3 ||    17
 Stab: Sleeping          |    12 |     8 |    26 |    29 |    44 |    22 ||   141
       Distracted        |       |       |       |     2 |    29 |     3 ||    34
       Paralysed         |       |       |       |     1 |       |       ||     1
Armor: Skin              |     5 |     8 |    15 |    14 |    24 |     5 ||    71
Dodge: Dodged            |    28 |    44 |    92 |   291 |   585 |   128 ||  1168
Block: Buckler           |     2 |    26 |    75 |   154 |   211 |    62 ||   530

Levels and vault maps discovered:
D:1:      roderic_chinese_lattice_arrival, layout_basic,
          minmay_stone_trees_medium
D:2:      layout_basic, ebering_ecumenical_altar_hall, serial_shops, shop,
          grunt_ministairs_4, grunt_decor_junction,
          chequers_serial_rivers_small_b
D:3:      layout_rooms, lemuel_crystal_altar, amethyst_overflow_temple_binary
D:4:      layout_rooms, tso_oasis_becter, trog_ov_bears_minmay, serial_shops,
          shop, minmay_misc_feat_tower
D:5:      layout_rooms, palyth_temple_overflow_mages,
          ashenzari_conservatory_becter, kennysheep_little_box, serial_shops,
          shop_statue, moated_statue, st_stairs_2, uniq_pikel, uniq_ijyb
D:6:      layout_cave_pools, minmay_temple_entry_statues_fountains,
          cheibrodos_sewer_entry_sluice
D:7:      layout_basic, st_stairs_8, grunt_livestock, uniq_harold
D:8:      layout_loops_ring, erik_lair_orcish_takeover
D:9:      layout_basic, nicolae_ru_path_of_blood, orc_0_dummy,
          gammafunk_ghost_arena, uniq_grum, uniq_joseph
D:10:     layout_layer_cave, gammafunk_temple_overflow_pools,
          ebering_ghost_rock_garden, uniq_erica
D:11:     layout_cave_pods, serial_shops, shop, nicolae_take_the_stairs, shop,
          shop, shop, uniq_nergalle
D:12:     layout_basic, uniq_jorgrun
D:13:     layout_grid_maze, chequers_serial_rivers_large_b,
          minmay_misc_feat_diagonals
D:14:     layout_stronghold, david_vaults_2, grunt_decor_fettered, uniq_kirke
D:15:     hangedman_depths_entry_try_elsewhere_first, layout_long_grid,
          chequers_serial_rivers_micro_a
Lair:1:   layout_chaotic_city, lemuel_fruit_fields, serial_bayou_shore_a,
          serial_bayou_shore_b, grunt_megastairs_1, infiniplex_staircase_pool_2,
          minmay_lair_oklob_chamber
Lair:2:   nzn_winding_woodlands_huge [nzn_winding_woodlands_5x15_zeroes,
          nzn_winding_woodlands_5x15_pathside_ponds,
          nzn_winding_woodlands_5x15_default,
          nzn_winding_woodlands_5x15_split_checker,
          nzn_winding_woodlands_5x15_pockets, nzn_winding_woodlands_5x15_garden,
          nzn_winding_woodlands_5x15_twine, nzn_winding_woodlands_5x15_parted,
          nzn_winding_woodlands_5x15_cabin, nzn_winding_woodlands_5x15_jagged,
          nzn_winding_woodlands_center_pierced_h,
          nzn_winding_woodlands_center_lodge,
          nzn_winding_woodlands_15x15_five_gardens], layout_chaotic_city,
          nicolae_swamp_entry_splash_gauntlet, guppyfry_snake_entry_garden,
          uniq_urug, uniq_maggie
Lair:3:   layout_regular_city, st_stairs_3, disabler_island, lemuel_fruit_fields
Lair:4:   layout_concentric_octagons, minivault_23, grunt_forest_stairs_basic,
          bobbens_dragon_lair_wall
Lair:5:   layout_regular_city, slime_altar_2, basic_altar,
          chequers_serial_rivers_small_b, lemuel_oklob_altar, grunt_megastairs_5
Lair:6:   cheibrodos_lair_end_hotspot, layout_regular_city,
          nzn_masters_of_martial_movement
Orc:1:    layout_caves, basic_altar, hellmonk_bongcloud_opening,
          statue_in_the_mist_lemuel
Orc:2:    pubby_orc_utopia

Notes
Turn   | Place    | Note
-------+----------+-------------------------------------------
     0 | Abyss:1  | spiderkeys the Octopode Abyssal Knight began the quest for
                  | the Orb.
     0 | Abyss:1  | Reached XP level 1. HP: 16/16 MP: 2/2
     0 | Abyss:1  | magus.rc [v1.9.10]
    80 | Abyss:1  | Found a corrupted altar of Lugonu.
    93 | Abyss:1  | Found a corrupted altar of Lugonu.
   107 | Abyss:1  | Noticed a quasit
   157 | Abyss:2  | Found a corrupted altar of Lugonu.
   206 | Abyss:3  | Noticed an air elemental
   233 | Abyss:4  | Found a corrupted altar of Lugonu.
   262 | Abyss:4  | You pick up a book of Minor Magic and begin reading...
   262 | Abyss:4  | You add the spells Magic Dart, Call Imp and Mephitic Cloud
                  | to your library.
   279 | Abyss:4  | Noticed a tentacled starspawn
   285 | Abyss:4  | Noticed a thrashing horror
   287 | D:1      | You pass through the gate.
   287 | D:1      | Escaped the Abyss
   479 | D:1      | Reached XP level 2. HP: 10/21 MP: 3/3
   499 | D:1      | Reached * piety under Lugonu
   500 | D:1      | Reached skill level 1 in Stealth
  1037 | D:1      | Reached XP level 3. HP: 26/26 MP: 4/4
  1397 | D:2      | Found a faded altar of an unknown god.
  1548 | D:2      | Found Boojeck's Antique Armour Emporium.
  1923 | D:2      | Reached skill level 2 in Stealth
  2103 | D:2      | Reached ** piety under Lugonu
  2104 | D:2      | Reached XP level 4. HP: 31/31 MP: 5/5
  2568 | D:3      | Found a blossoming altar of Fedhas.
  2747 | D:3      | Reached skill level 3 in Dodging
  2821 | D:3      | Found a snail-covered altar of Cheibriados.
  2828 | D:3      | Found a glowing silver altar of Zin.
  3047 | D:3      | You pick up a book of Alchemy and begin reading...
  3047 | D:3      | You add the spells Sublimation of Blood, Petrify and
                  | Irradiate to your library.
  3062 | D:3      | You pick up a book of Misfortune and begin reading...
  3062 | D:3      | You add the spells Slow, Confusing Touch and Yara's Violent
                  | Unravelling to your library.
  3194 | D:4      | Noticed an ogre
  3202 | D:4      | Killed an ogre
  3203 | D:4      | Reached skill level 3 in Short Blades
  3203 | D:4      | Reached skill level 3 in Stealth
  3203 | D:4      | Reached skill level 1 in Shields
  3203 | D:4      | Reached XP level 5. HP: 26/37 MP: 6/6
  3246 | D:4      | Found Denn's Weapon Shoppe.
  3308 | D:4      | You pick up a book of Weapons and begin reading...
  3308 | D:4      | You add the spells Portal Projectile, Excruciating Wounds
                  | and Blade Hands to your library.
  3422 | D:4      | Found a glowing golden altar of the Shining One.
  3454 | D:4      | Found a bloodstained altar of Trog.
  3454 | D:4      | Noticed a black bear
  3454 | D:4      | Noticed a black bear
  3470 | D:4      | Killed a black bear
  3471 | D:4      | Reached skill level 4 in Fighting
  3471 | D:4      | Reached skill level 2 in Shields
  3471 | D:4      | Reached XP level 6. HP: 33/43 MP: 7/7
  3477 | D:4      | Killed a black bear
  3478 | D:4      | Reached skill level 4 in Stealth
  3608 | D:4      | Reached XP level 7. HP: 49/49 MP: 8/8
  3790 | D:5      | Entered Level 5 of the Dungeon
  3821 | D:5      | Found a basalt altar of Yredelemnul.
  3835 | D:5      | Reached skill level 4 in Dodging
  3909 | D:5      | Found a broken altar of Ashenzari.
  4029 | D:5      | Identified the +6 hand axe "Akkuneygoo" {freeze, Int+2}
  4070 | D:5      | You pick up a book of Pain and begin reading...
  4070 | D:5      | You add the spells Pain and Agony to your library.
  4071 | D:5      | Found Fulec's Jewellery Shop.
  4101 | D:5      | Reached skill level 4 in Short Blades
  4138 | D:5      | Noticed Ijyb
  4144 | D:5      | Reached *** piety under Lugonu
  4145 | D:5      | Reached skill level 3 in Shields
  4177 | D:5      | Killed Ijyb
  4253 | D:5      | Found a shimmering blue altar of Sif Muna.
  4257 | D:5      | Reached skill level 5 in Stealth
  4263 | D:5      | Found an ancient bone altar of Kikubaaqudgha.
  4281 | D:5      | Got Kikubaaqudgha's Catalogue of Sinister Arts
  4286 | D:5      | Learned a level 1 spell: Animate Skeleton
  4293 | D:5      | Found a radiant altar of Vehumet.
  4325 | D:5      | Reached XP level 8. HP: 50/54 MP: 9/9
  4337 | D:5      | Noticed Pikel
  4358 | D:5      | Killed Pikel
  4359 | D:5      | Reached skill level 5 in Fighting
  4359 | D:5      | Reached skill level 5 in Dodging
  4359 | D:5      | Reached skill level 6 in Stealth
  4359 | D:5      | Reached skill level 4 in Shields
  4619 | D:6      | Reached skill level 5 in Short Blades
  4633 | D:6      | Found a staircase to the Ecumenical Temple.
  4647 | D:6      | Found a glowing drain.
  4670 | Sewer    | Entered a sewer
  4735 | Sewer    | Reached skill level 7 in Stealth
  4735 | Sewer    | Reached XP level 9. HP: 62/62 MP: 10/10
  4879 | Sewer    | Reached skill level 6 in Fighting
  4907 | D:6      | You pick up a book of Callings and begin reading...
  4907 | D:6      | You add the spells Summon Small Mammal, Call Canine
                  | Familiar and Summon Guardian Golem to your library.
  4966 | D:6      | Reached **** piety under Lugonu
  4987 | D:6      | Reached skill level 1 in Necromancy
  5086 | D:6      | You pick up a book of Armaments and begin reading...
  5086 | D:6      | You add the spells Stone Arrow and Lehudib's Crystal Spear
                  | to your library.
  5393 | D:7      | Reached skill level 6 in Dodging
  5393 | D:7      | Reached skill level 3 in Invocations
  5488 | D:7      | Reached skill level 2 in Necromancy
  5501 | D:7      | Reached skill level 6 in Short Blades
  5501 | D:7      | Reached skill level 8 in Stealth
  5643 | D:7      | Reached skill level 4 in Invocations
  5660 | D:7      | Reached skill level 3 in Necromancy
  5681 | D:7      | Noticed Harold
  5716 | D:7      | Noticed a komodo dragon
  5780 | D:6      | Killed a komodo dragon
  5781 | D:6      | Reached skill level 9 in Stealth
  5781 | D:6      | Reached XP level 10. HP: 68/68 MP: 13/13
  5817 | D:7      | HP: 16/68 [Harold (3)]
  5899 | D:7      | Killed Harold
  5900 | D:7      | Reached skill level 7 in Dodging
  5900 | D:7      | Reached skill level 4 in Necromancy
  5900 | D:7      | Reached skill level 5 in Invocations
  6380 | D:8      | Noticed a two-headed ogre
  6430 | D:8      | Killed a two-headed ogre
  6431 | D:8      | Reached skill level 10 in Stealth
  6431 | D:8      | Reached skill level 6 in Invocations
  6437 | D:8      | Reached skill level 5 in Necromancy
  6501 | D:8      | Found a staircase to the Lair.
  6503 | D:8      | You pick up a book of Storms and begin reading...
  6503 | D:8      | You add the spells Airstrike, Summon Lightning Spire and
                  | Lightning Bolt to your library.
  6637 | D:8      | Reached skill level 8 in Dodging
  6857 | D:4      | Bought the +4 short sword "Udghusan" {pain, rElec Stlth+}
                  | for 443 gold pieces
  6981 | D:8      | Reached skill level 7 in Invocations
  7086 | D:8      | Reached XP level 11. HP: 57/72 MP: 16/16
  7177 | D:8      | Reached skill level 6 in Necromancy
  7420 | D:8      | Learned a level 1 spell: Pain
  7473 | D:9      | Noticed a two-headed ogre
  7487 | D:9      | Killed a two-headed ogre
  7752 | D:9      | Found a staircase to the Orcish Mines.
  7852 | D:9      | Reached ***** piety under Lugonu
  7883 | D:9      | Noticed a two-headed ogre
  7935 | D:9      | Killed a two-headed ogre
  8191 | D:9      | Found a transporter.
  8241 | D:9      | HP: 13/72 [orc warrior (22)]
  8324 | D:9      | Noticed solopath's ghost (novice FoFi)
  8330 | D:9      | Noticed a manticore
  8340 | D:9      | Found a transporter.
  8546 | D:9      | Identified the +3 ring mail of Bothruro {Regen+ Dex+5}
  8763 | D:9      | Noticed Joseph
  8776 | D:9      | Killed Joseph
  8777 | D:9      | Reached skill level 8 in Invocations
  8823 | D:9      | Noticed Grum
  8874 | D:8      | Reached skill level 9 in Dodging
  8955 | D:9      | Killed Grum
  9120 | D:9      | Found a sacrificial altar of Ru.
  9156 | D:10     | Entered Level 10 of the Dungeon
  9270 | D:10     | You pick up a book of Maledictions and begin reading...
  9270 | D:10     | You add the spells Corona, Ensorcelled Hibernation and
                  | Tukima's Dance to your library.
  9276 | D:10     | Noticed Erica
  9294 | D:10     | Killed Erica
  9295 | D:10     | Reached skill level 11 in Stealth
  9355 | D:10     | Reached skill level 7 in Necromancy
  9700 | D:10     | Reached skill level 7 in Short Blades
  9917 | D:10     | Found a runed translucent gate.
  9919 | D:10     | Found a runed translucent gate.
  9919 | D:10     | Found a runed translucent gate.
  9920 | D:10     | Noticed octoduck's ghost (novice DrCj)
  9945 | D:10     | You pick up a book of Vapours and begin reading...
  9945 | D:10     | You add the spells Poisonous Vapours and Freezing Cloud to
                  | your library.
 10384 | D:10     | Found a stormy altar of Qazlal.
 10384 | D:10     | Found an opulent altar of Gozag.
 10504 | D:11     | Found Jorus's Armour Shop.
 10522 | D:11     | Noticed a cyclops
 10540 | D:11     | Killed a cyclops
 10619 | D:11     | Found Qyostaugg's Magic Scroll Shoppe.
 10631 | D:11     | Got Sif Muna's Papyrus of the Escort and the Snowflakes
 10677 | D:11     | Reached XP level 12. HP: 79/79 MP: 18/18
 10925 | D:11     | Found Nienue's Antique Armour Shop.
 10933 | D:11     | You pick up a book of Geomancy and begin reading...
 10933 | D:11     | You add the spells Sandblast, Passwall and Lee's Rapid
                  | Deconstruction to your library.
 11018 | D:11     | Noticed Nergalle
 11028 | D:11     | Killed Nergalle
 11174 | D:11     | Found Nigh's Jewellery Shoppe.
 11174 | D:11     | Noticed a boulder beetle
 11199 | D:11     | HP: 12/79 [boulder beetle (19)]
 11201 | D:11     | Killed a boulder beetle
 11202 | D:11     | Reached skill level 9 in Invocations
 11331 | D:11     | Found Gievvan's Jewellery Emporium.
 11724 | D:12     | Reached skill level 12 in Stealth
 11863 | D:12     | Noticed Jorgrun
 11870 | D:12     | Killed Jorgrun
 11871 | D:12     | Reached skill level 8 in Short Blades
 11871 | D:12     | Reached skill level 10 in Dodging
 11871 | D:12     | Reached skill level 8 in Necromancy
 12220 | D:12     | You fall into a shaft and drop 2 floors!
 12221 | D:14     | Noticed a boulder beetle
 12221 | D:14     | Noticed a boulder beetle
 12451 | D:13     | Noticed a two-headed ogre
 12458 | D:13     | Killed a two-headed ogre
 13291 | D:13     | Noticed a two-headed ogre
 13300 | D:13     | Killed a two-headed ogre
 13331 | D:13     | Identified a scroll of acquirement
 13332 | D:13     | Acquired a +5 quick blade
 13333 | D:13     | V - a +5 quick blade {rare}
 13334 | D:13     | your +5 quick blade {rare} acquires a faint afterimage.
 13334 | D:13     | V - a +5 spectral quick blade {rare}
 13335 | D:13     | your +5 spectral quick blade {rare} glows red for a moment.
 13336 | D:13     | You feel a bond with your your +6 spectral quick blade
                  | {rare}.
 13336 | D:13     | V - a +6 spectral quick blade (weapon) {rare}
 13363 | D:13     | Reached skill level 10 in Invocations
 13363 | D:13     | Reached XP level 13. HP: 83/83 MP: 20/20
 13434 | D:13     | your spectral +6 spectral quick blade {rare} hits the slime
                  | creature.
 13435 | D:13     | your spectral +6 spectral quick blade {rare} hits the slime
                  | creature!
 13436 | D:13     | your spectral +6 spectral quick blade {rare} hits the slime
                  | creature!
 13437 | D:13     | your spectral +6 spectral quick blade {rare} hits the slime
                  | creature!
 13438 | D:13     | your spectral +6 spectral quick blade {rare} hits the slime
                  | creature!
 13439 | D:13     | your spectral +6 spectral quick blade {rare} hits the slime
                  | creature!
 13439 | D:13     | the slime creature hits your spectral +6 spectral quick
                  | blade {rare}.
 13440 | D:13     | your spectral +6 spectral quick blade {rare} hits the slime
                  | creature!
 13441 | D:13     | your spectral +6 spectral quick blade {rare} hits the slime
                  | creature!
 13443 | D:13     | Reached skill level 13 in Stealth
 13444 | D:13     | your spectral +6 spectral quick blade {rare} hits the slime
                  | creature!
 13445 | D:13     | your spectral +6 spectral quick blade {rare} hits the slime
                  | creature!
 13446 | D:13     | your spectral +6 spectral quick blade {rare} hits the slime
                  | creature!
 13447 | D:13     | your spectral +6 spectral quick blade {rare} hits the slime
                  | creature!
 13447 | D:13     | the slime creature misses your spectral +6 spectral quick
                  | blade {rare}.
 13448 | D:13     | your spectral +6 spectral quick blade {rare} hits the slime
                  | creature!
 13449 | D:13     | your spectral +6 spectral quick blade {rare} hits the slime
                  | creature.
 13450 | D:13     | your spectral +6 spectral quick blade {rare} hits the slime
                  | creature!
 13471 | D:13     | your spectral +6 spectral quick blade {rare} hits the
                  | freezing wraith.
 13472 | D:13     | your spectral +6 spectral quick blade {rare} completely
                  | misses the freezing wraith.
 13473 | D:13     | your spectral +6 spectral quick blade {rare} hits the
                  | freezing wraith but does no damage.
 13473 | D:13     | The bolt of fire hits your spectral +6 spectral quick blade
                  | {rare}!
 13473 | D:13     | your spectral +6 spectral quick blade {rare} resists.
 13474 | D:13     | your spectral +6 spectral quick blade {rare} hits the
                  | freezing wraith!
 13475 | D:13     | your spectral +6 spectral quick blade {rare} hits the
                  | freezing wraith.
 13477 | D:13     | your spectral +6 spectral quick blade {rare} closely misses
                  | the fire elemental.
 13478 | D:13     | your spectral +6 spectral quick blade {rare} hits the fire
                  | elemental!
 13480 | D:13     | your spectral +6 spectral quick blade {rare} hits the deep
                  | elf pyromancer!
 13481 | D:13     | your spectral +6 spectral quick blade {rare} hits the deep
                  | elf pyromancer!
 13483 | D:13     | Reached skill level 9 in Necromancy
 13562 | D:13     | your spectral +6 spectral quick blade {rare} hits the
                  | two-headed ogre!
 13563 | D:13     | your spectral +6 spectral quick blade {rare} barely misses
                  | the two-headed ogre.
 13564 | D:13     | your spectral +6 spectral quick blade {rare} hits the
                  | two-headed ogre.
 13565 | D:13     | your spectral +6 spectral quick blade {rare} hits the
                  | two-headed ogre!
 13566 | D:13     | your spectral +6 spectral quick blade {rare} hits the
                  | two-headed ogre!
 13567 | D:13     | your spectral +6 spectral quick blade {rare} hits the
                  | two-headed ogre!
 13568 | D:13     | Reached skill level 9 in Short Blades
 13600 | D:13     | your spectral +6 spectral quick blade {rare} hits the
                  | boulder beetle but does no damage.
 13601 | D:13     | your spectral +6 spectral quick blade {rare} hits the
                  | boulder beetle but does no damage.
 13602 | D:13     | your spectral +6 spectral quick blade {rare} hits the
                  | boulder beetle but does no damage.
 13603 | D:13     | your spectral +6 spectral quick blade {rare} hits the
                  | boulder beetle.
 13604 | D:13     | your spectral +6 spectral quick blade {rare} hits the
                  | boulder beetle but does no damage.
 13605 | D:13     | your spectral +6 spectral quick blade {rare} hits the
                  | boulder beetle!
 13606 | D:13     | your spectral +6 spectral quick blade {rare} hits the
                  | boulder beetle!
 13607 | D:13     | your spectral +6 spectral quick blade {rare} hits the
                  | boulder beetle but does no damage.
 13608 | D:13     | your spectral +6 spectral quick blade {rare} hits the
                  | boulder beetle but does no damage.
 14054 | D:14     | your spectral +6 spectral quick blade {rare} hits the
                  | meliai.
 14054 | D:14     | the meliai closely misses your spectral +6 spectral quick
                  | blade {rare}.
 14055 | D:14     | your spectral +6 spectral quick blade {rare} hits the
                  | meliai.
 14055 | D:14     | the meliai hits your spectral +6 spectral quick blade
                  | {rare} with a +0 hand axe!
 14055 | D:14     | the meliai completely misses your spectral +6 spectral
                  | quick blade {rare}.
 14055 | D:14     | the meliai hits your spectral +6 spectral quick blade
                  | {rare} with a +0 broad axe.
 14056 | D:14     | your spectral +6 spectral quick blade {rare} hits the
                  | meliai!
 14057 | D:14     | your spectral +6 spectral quick blade {rare} hits the
                  | meliai.
 14065 | D:14     | HP: 17/83 [meliai/divine providence (15)]
 14071 | D:14     | HP: 17/83 [meliai/divine providence (9)]
 14082 | D:14     | HP: 20/83 [meliai/divine providence (13)]
 14083 | D:14     | HP: 6/83 [vampire mosquito (6)]
 14088 | D:13     | your spectral +6 spectral quick blade {rare} hits the
                  | vampire mosquito.
 14089 | D:13     | your spectral +6 spectral quick blade {rare} hits the
                  | vampire mosquito!
 14089 | D:13     | the vampire mosquito bites your spectral +6 spectral quick
                  | blade {rare} but does no damage.
 14091 | D:13     | your spectral +6 spectral quick blade {rare} hits the
                  | vampire mosquito!
 14092 | D:13     | your spectral +6 spectral quick blade {rare} hits the
                  | vampire mosquito.
 14337 | Lair:1   | Entered Level 1 of the Lair of Beasts
 14338 | Lair:1   | your spectral +6 spectral quick blade {rare} hits the cane
                  | toad!
 14339 | Lair:1   | your spectral +6 spectral quick blade {rare} hits the cane
                  | toad.
 14340 | Lair:1   | your spectral +6 spectral quick blade {rare} hits the cane
                  | toad.
 14340 | Lair:1   | the cane toad barely misses your spectral +6 spectral quick
                  | blade {rare}.
 14344 | Lair:1   | your spectral +6 spectral quick blade {rare} hits the cane
                  | toad!
 14345 | Lair:1   | your spectral +6 spectral quick blade {rare} hits the cane
                  | toad.
 14346 | Lair:1   | your spectral +6 spectral quick blade {rare} hits the cane
                  | toad.
 14347 | Lair:1   | your spectral +6 spectral quick blade {rare} hits the cane
                  | toad!
 14406 | Lair:1   | your spectral +6 spectral quick blade {rare} barely misses
                  | the basilisk.
 14407 | Lair:1   | your spectral +6 spectral quick blade {rare} completely
                  | misses the basilisk.
 14408 | Lair:1   | your spectral +6 spectral quick blade {rare} hits the
                  | basilisk!
 14409 | Lair:1   | your spectral +6 spectral quick blade {rare} hits the
                  | basilisk!
 14442 | Lair:1   | Reached skill level 1 in Spellcasting
 14442 | Lair:1   | your spectral +6 spectral quick blade {rare} hits the blink
                  | frog!
 14442 | Lair:1   | the yak barely misses your spectral +6 spectral quick blade
                  | {rare}.
 14443 | Lair:1   | your spectral +6 spectral quick blade {rare} hits the blink
                  | frog!
 14443 | Lair:1   | the blink frog closely misses your spectral +6 spectral
                  | quick blade {rare}.
 14445 | Lair:1   | your spectral +6 spectral quick blade {rare} hits the blink
                  | frog!
 14446 | Lair:1   | your spectral +6 spectral quick blade {rare} hits the blink
                  | frog.
 14447 | Lair:1   | your spectral +6 spectral quick blade {rare} hits the blink
                  | frog!
 14448 | Lair:1   | your spectral +6 spectral quick blade {rare} hits the yak!
 14449 | Lair:1   | your spectral +6 spectral quick blade {rare} hits the yak!
 14450 | Lair:1   | your spectral +6 spectral quick blade {rare} hits the yak!
 14450 | Lair:1   | the yak barely misses your spectral +6 spectral quick blade
                  | {rare}.
 14452 | Lair:1   | your spectral +6 spectral quick blade {rare} hits the blink
                  | frog!
 14453 | Lair:1   | your spectral +6 spectral quick blade {rare} hits the blink
                  | frog!
 14456 | Lair:1   | your spectral +6 spectral quick blade {rare} hits the cane
                  | toad.
 14457 | Lair:1   | your spectral +6 spectral quick blade {rare} hits the cane
                  | toad.
 14458 | Lair:1   | your spectral +6 spectral quick blade {rare} hits the cane
                  | toad but does no damage.
 14459 | Lair:1   | your spectral +6 spectral quick blade {rare} hits the cane
                  | toad.
 14460 | Lair:1   | your spectral +6 spectral quick blade {rare} hits the cane
                  | toad!
 14461 | Lair:1   | your spectral +6 spectral quick blade {rare} hits the blink
                  | frog!
 14462 | Lair:1   | your spectral +6 spectral quick blade {rare} hits the blink
                  | frog!
 14484 | Lair:1   | your spectral +6 spectral quick blade {rare} hits the
                  | bullfrog.
 14485 | Lair:1   | your spectral +6 spectral quick blade {rare} hits the
                  | bullfrog!
 14572 | Lair:1   | your spectral +6 spectral quick blade {rare} hits the cane
                  | toad.
 14573 | Lair:1   | your spectral +6 spectral quick blade {rare} hits the cane
                  | toad.
 14574 | Lair:1   | your spectral +6 spectral quick blade {rare} hits the cane
                  | toad.
 14575 | Lair:1   | your spectral +6 spectral quick blade {rare} hits the cane
                  | toad.
 14576 | Lair:1   | your spectral +6 spectral quick blade {rare} hits the cane
                  | toad but does no damage.
 14577 | Lair:1   | your spectral +6 spectral quick blade {rare} hits the cane
                  | toad.
 14578 | Lair:1   | your spectral +6 spectral quick blade {rare} hits the cane
                  | toad.
 14653 | Lair:1   | your spectral +6 spectral quick blade {rare} hits the
                  | bullfrog!
 14653 | Lair:1   | the bullfrog hits your spectral +6 spectral quick blade
                  | {rare}.
 14654 | Lair:1   | your spectral +6 spectral quick blade {rare} hits the
                  | bullfrog!
 14657 | Lair:1   | your +6 spectral quick blade {rare} glows red for a moment.
 14720 | Lair:1   | your spectral +7 spectral quick blade {rare} hits the yak!
 14721 | Lair:1   | your spectral +7 spectral quick blade {rare} barely misses
                  | the yak.
 14722 | Lair:1   | your spectral +7 spectral quick blade {rare} hits the yak!
 14723 | Lair:1   | your spectral +7 spectral quick blade {rare} hits the yak!
 14724 | Lair:1   | Reached skill level 2 in Spellcasting
 14750 | Lair:1   | your spectral +7 spectral quick blade {rare} hits the
                  | bullfrog.
 14751 | Lair:1   | your spectral +7 spectral quick blade {rare} hits the
                  | bullfrog!
 14871 | Lair:1   | your spectral +7 spectral quick blade {rare} hits the
                  | bullfrog.
 14902 | Lair:1   | your spectral +7 spectral quick blade {rare} hits the cane
                  | toad!
 14903 | Lair:1   | your spectral +7 spectral quick blade {rare} hits the cane
                  | toad!
 14904 | Lair:1   | your spectral +7 spectral quick blade {rare} hits the cane
                  | toad!
 15296 | Lair:1   | your spectral +7 spectral quick blade {rare} hits the
                  | plant!
 15297 | Lair:1   | your spectral +7 spectral quick blade {rare} hits the
                  | plant!
 15298 | Lair:1   | your spectral +7 spectral quick blade {rare} hits the
                  | plant!
 15298 | Lair:1   | your spectral +7 spectral quick blade {rare} hits the
                  | plant!
 15299 | Lair:1   | your spectral +7 spectral quick blade {rare} hits the
                  | plant!
 15299 | Lair:1   | your spectral +7 spectral quick blade {rare} hits the
                  | plant!
 15300 | Lair:1   | your spectral +7 spectral quick blade {rare} hits the
                  | plant!
 15300 | Lair:1   | your spectral +7 spectral quick blade {rare} hits the
                  | plant!
 15301 | Lair:1   | your spectral +7 spectral quick blade {rare} hits the
                  | plant!
 15301 | Lair:1   | your spectral +7 spectral quick blade {rare} hits the
                  | plant!
 15302 | Lair:1   | your spectral +7 spectral quick blade {rare} hits the
                  | plant!
 15302 | Lair:1   | your spectral +7 spectral quick blade {rare} hits the
                  | plant!
 15303 | Lair:1   | your spectral +7 spectral quick blade {rare} hits the
                  | plant!
 15303 | Lair:1   | your spectral +7 spectral quick blade {rare} hits the
                  | plant!
 15304 | Lair:1   | your spectral +7 spectral quick blade {rare} hits the
                  | plant!
 15304 | Lair:1   | your spectral +7 spectral quick blade {rare} hits the
                  | plant.
 15305 | Lair:1   | your spectral +7 spectral quick blade {rare} completely
                  | misses the plant.
 15305 | Lair:1   | your spectral +7 spectral quick blade {rare} hits the
                  | plant.
 15306 | Lair:1   | your spectral +7 spectral quick blade {rare} hits the
                  | plant.
 15306 | Lair:1   | your spectral +7 spectral quick blade {rare} hits the
                  | plant!
 15412 | Lair:1   | your spectral +7 spectral quick blade {rare} hits the oklob
                  | plant.
 15413 | Lair:1   | your spectral +7 spectral quick blade {rare} hits the oklob
                  | plant but does no damage.
 15414 | Lair:1   | your spectral +7 spectral quick blade {rare} hits the oklob
                  | plant!
 15415 | Lair:1   | your spectral +7 spectral quick blade {rare} hits the oklob
                  | plant!
 15416 | Lair:1   | your spectral +7 spectral quick blade {rare} hits the oklob
                  | plant.
 15417 | Lair:1   | your spectral +7 spectral quick blade {rare} hits the oklob
                  | plant.
 15418 | Lair:1   | your spectral +7 spectral quick blade {rare} hits the oklob
                  | plant.
 15419 | Lair:1   | your spectral +7 spectral quick blade {rare} hits the oklob
                  | plant.
 15421 | Lair:1   | Reached skill level 11 in Dodging
 15471 | Lair:2   | your spectral +7 spectral quick blade {rare} hits the
                  | bullfrog!
 15508 | Lair:2   | Noticed Urug
 15513 | Lair:2   | your spectral +7 spectral quick blade {rare} hits the
                  | bullfrog.
 15514 | Lair:2   | your spectral +7 spectral quick blade {rare} hits Urug!
 15515 | Lair:2   | your spectral +7 spectral quick blade {rare} hits Urug.
 15515 | Lair:2   | your spectral +7 spectral quick blade {rare} hits the
                  | fungus!
 15516 | Lair:2   | your spectral +7 spectral quick blade {rare} hits Urug.
 15516 | Lair:2   | your spectral +7 spectral quick blade {rare} hits the
                  | fungus!
 15516 | Lair:2   | Urug hits your spectral +7 spectral quick blade {rare} with
                  | a +6 battleaxe!
 15517 | Lair:2   | your spectral +7 spectral quick blade {rare} hits Urug!
 15517 | Lair:2   | your spectral +7 spectral quick blade {rare} hits the
                  | fungus.
 15518 | Lair:2   | your spectral +7 spectral quick blade {rare} hits Urug.
 15518 | Lair:2   | your spectral +7 spectral quick blade {rare} hits the
                  | fungus!
 15519 | Lair:2   | your spectral +7 spectral quick blade {rare} hits Urug.
 15519 | Lair:2   | your spectral +7 spectral quick blade {rare} hits the
                  | fungus!
 15519 | Lair:2   | Urug misses your spectral +7 spectral quick blade {rare}.
 15520 | Lair:2   | your spectral +7 spectral quick blade {rare} hits Urug!
 15520 | Lair:2   | your spectral +7 spectral quick blade {rare} hits the
                  | fungus!
 15521 | Lair:2   | your spectral +7 spectral quick blade {rare} hits Urug.
 15521 | Lair:2   | your spectral +7 spectral quick blade {rare} hits the
                  | fungus!
 15522 | Lair:2   | Killed Urug
 15523 | Lair:2   | your spectral +7 spectral quick blade {rare} hits the
                  | bullfrog!
 15633 | Lair:2   | your spectral +7 spectral quick blade {rare} hits the black
                  | bear!
 15678 | Lair:2   | your spectral +7 spectral quick blade {rare} hits the bog
                  | body.
 15679 | Lair:2   | your spectral +7 spectral quick blade {rare} hits the bog
                  | body!
 15680 | Lair:2   | your spectral +7 spectral quick blade {rare} hits the bog
                  | body.
 15681 | Lair:2   | your spectral +7 spectral quick blade {rare} hits the bog
                  | body!
 15688 | Lair:2   | Found a staircase to the Swamp.
 15693 | Lair:2   | your spectral +7 spectral quick blade {rare} hits the bog
                  | body!
 15694 | Lair:2   | your spectral +7 spectral quick blade {rare} hits the bog
                  | body!
 15731 | Lair:2   | your spectral +7 spectral quick blade {rare} hits the
                  | komodo dragon.
 15732 | Lair:2   | your spectral +7 spectral quick blade {rare} hits the
                  | komodo dragon.
 15733 | Lair:2   | your spectral +7 spectral quick blade {rare} hits the
                  | komodo dragon!
 15734 | Lair:2   | your spectral +7 spectral quick blade {rare} hits the
                  | komodo dragon.
 15738 | Lair:2   | your spectral +7 spectral quick blade {rare} hits the blink
                  | frog!
 15739 | Lair:2   | your spectral +7 spectral quick blade {rare} misses the
                  | blink frog.
 15740 | Lair:2   | your spectral +7 spectral quick blade {rare} hits the blink
                  | frog!
 15743 | Lair:2   | your spectral +7 spectral quick blade {rare} hits the blink
                  | frog.
 15745 | Lair:2   | your spectral +7 spectral quick blade {rare} barely misses
                  | the blink frog.
 15746 | Lair:2   | your spectral +7 spectral quick blade {rare} hits the blink
                  | frog!
 15751 | Lair:2   | your spectral +7 spectral quick blade {rare} barely misses
                  | the blink frog.
 15752 | Lair:2   | your spectral +7 spectral quick blade {rare} hits the blink
                  | frog!
 15753 | Lair:2   | your spectral +7 spectral quick blade {rare} hits the blink
                  | frog!
 15757 | Lair:2   | You pick up a book of Changes and begin reading...
 15757 | Lair:2   | You add the spells Beastly Appendage, Wereblood and Spider
                  | Form to your library.
 15789 | Lair:2   | Found a staircase to the Snake Pit.
 15794 | Lair:2   | your spectral +7 spectral quick blade {rare} misses the
                  | naga.
 15795 | Lair:2   | your spectral +7 spectral quick blade {rare} closely misses
                  | the naga.
 15796 | Lair:2   | your spectral +7 spectral quick blade {rare} hits the naga.
 15796 | Lair:2   | your spectral +7 spectral quick blade {rare} hits the
                  | plant!
 15800 | Lair:2   | your spectral +7 spectral quick blade {rare} hits the naga.
 15801 | Lair:2   | your spectral +7 spectral quick blade {rare} hits the naga.
 15802 | Lair:2   | your spectral +7 spectral quick blade {rare} closely misses
                  | the naga.
 15803 | Lair:2   | your spectral +7 spectral quick blade {rare} hits the naga.
 15804 | Lair:2   | Reached skill level 7 in Fighting
 15870 | Lair:2   | Noticed Maggie
 15877 | Lair:2   | Killed Maggie
 15986 | Lair:2   | Reached skill level 14 in Stealth
 15986 | Lair:2   | Reached skill level 3 in Spellcasting
 16004 | Lair:2   | your spectral +7 spectral quick blade {rare} hits the
                  | seven-headed hydra!
 16006 | Lair:2   | your spectral +7 spectral quick blade {rare} hits the
                  | seven-headed hydra!
 16007 | Lair:2   | your spectral +7 spectral quick blade {rare} hits the
                  | seven-headed hydra!
 16008 | Lair:2   | your spectral +7 spectral quick blade {rare} hits the
                  | seven-headed hydra!
 16095 | Lair:2   | your spectral +7 spectral quick blade {rare} hits the yak!
 16096 | Lair:2   | your spectral +7 spectral quick blade {rare} barely misses
                  | the yak.
 16096 | Lair:2   | the yak gores your spectral +7 spectral quick blade {rare}.
 16097 | Lair:2   | your spectral +7 spectral quick blade {rare} hits the yak.
 16097 | Lair:2   | the yak gores your spectral +7 spectral quick blade {rare}!
 16099 | Lair:2   | your spectral +7 spectral quick blade {rare} hits the hell
                  | rat.
 16100 | Lair:2   | your spectral +7 spectral quick blade {rare} hits the hell
                  | rat!
 16100 | Lair:2   | the yak barely misses your spectral +7 spectral quick blade
                  | {rare}.
 16103 | Lair:2   | your spectral +7 spectral quick blade {rare} hits the yak!
 16104 | Lair:2   | your spectral +7 spectral quick blade {rare} hits the yak.
 16105 | Lair:2   | your spectral +7 spectral quick blade {rare} hits the yak!
 16130 | Lair:2   | Reached XP level 14. HP: 92/92 MP: 21/21
 16176 | Lair:2   | Reached ****** piety under Lugonu
 16250 | Lair:2   | your spectral +7 spectral quick blade {rare} hits the
                  | bullfrog.
 16251 | Lair:2   | your spectral +7 spectral quick blade {rare} hits the
                  | bullfrog!
 16252 | Lair:2   | your spectral +7 spectral quick blade {rare} hits the
                  | bullfrog!
 16252 | Lair:2   | the water moccasin bites your spectral +7 spectral quick
                  | blade {rare}!
 16254 | Lair:2   | your spectral +7 spectral quick blade {rare} hits the water
                  | moccasin!
 16255 | Lair:2   | your spectral +7 spectral quick blade {rare} hits the water
                  | moccasin.
 16292 | Lair:2   | your spectral +7 spectral quick blade {rare} hits the
                  | bullfrog.
 16293 | Lair:2   | your spectral +7 spectral quick blade {rare} hits the
                  | bullfrog.
 16294 | Lair:2   | your spectral +7 spectral quick blade {rare} hits the yak!
 16295 | Lair:2   | your spectral +7 spectral quick blade {rare} barely misses
                  | the yak.
 16295 | Lair:2   | the black mamba closely misses your spectral +7 spectral
                  | quick blade {rare}.
 16296 | Lair:2   | your spectral +7 spectral quick blade {rare} hits the yak.
 16296 | Lair:2   | the yak gores your spectral +7 spectral quick blade {rare}
                  | but does no damage.
 16297 | Lair:2   | your spectral +7 spectral quick blade {rare} hits the yak!
 16297 | Lair:2   | the black mamba misses your spectral +7 spectral quick
                  | blade {rare}.
 16299 | Lair:2   | your spectral +7 spectral quick blade {rare} hits the black
                  | mamba!
 16300 | Lair:2   | your spectral +7 spectral quick blade {rare} hits the black
                  | mamba!
 16301 | Lair:2   | your spectral +7 spectral quick blade {rare} hits the black
                  | mamba!
 16303 | Lair:2   | your spectral +7 spectral quick blade {rare} closely misses
                  | the komodo dragon.
 16304 | Lair:2   | your spectral +7 spectral quick blade {rare} hits the
                  | komodo dragon!
 16305 | Lair:2   | your spectral +7 spectral quick blade {rare} hits the
                  | komodo dragon!
 16306 | Lair:2   | your spectral +7 spectral quick blade {rare} hits the
                  | komodo dragon!
 16334 | Lair:2   | Reached skill level 10 in Necromancy
 16390 | Lair:2   | your spectral +7 spectral quick blade {rare} hits the cane
                  | toad.
 16391 | Lair:2   | your spectral +7 spectral quick blade {rare} hits the cane
                  | toad.
 16391 | Lair:2   | the cane toad stings your spectral +7 spectral quick blade
                  | {rare}.
 16392 | Lair:2   | your spectral +7 spectral quick blade {rare} hits the cane
                  | toad.
 16401 | Lair:2   | Reached skill level 10 in Short Blades
 16407 | Lair:2   | your spectral +7 spectral quick blade {rare} hits the
                  | eight-headed hydra.
 16408 | Lair:2   | your spectral +7 spectral quick blade {rare} hits the
                  | eight-headed hydra!
 16410 | Lair:2   | Reached skill level 4 in Spellcasting
 16410 | Lair:2   | your spectral +7 spectral quick blade {rare} hits the cane
                  | toad but does no damage.
 16411 | Lair:2   | your spectral +7 spectral quick blade {rare} hits the cane
                  | toad.
 16412 | Lair:2   | your spectral +7 spectral quick blade {rare} hits the cane
                  | toad!
 16413 | Lair:2   | your spectral +7 spectral quick blade {rare} hits the cane
                  | toad.
 16414 | Lair:2   | your spectral +7 spectral quick blade {rare} hits the cane
                  | toad!
 16425 | Lair:2   | your spectral +7 spectral quick blade {rare} hits the dream
                  | sheep.
 16548 | Lair:2   | your spectral +7 spectral quick blade {rare} hits the
                  | komodo dragon.
 16549 | Lair:2   | your spectral +7 spectral quick blade {rare} hits the
                  | komodo dragon!
 16550 | Lair:2   | your spectral +7 spectral quick blade {rare} hits the
                  | komodo dragon!
 16554 | Lair:2   | HP: 21/93 [eight-headed hydra (18)]
 16560 | Lair:2   | your spectral +7 spectral quick blade {rare} hits the polar
                  | bear!
 16561 | Lair:2   | your spectral +7 spectral quick blade {rare} hits the polar
                  | bear.
 16562 | Lair:2   | your spectral +7 spectral quick blade {rare} hits the polar
                  | bear.
 16563 | Lair:2   | your spectral +7 spectral quick blade {rare} barely misses
                  | the polar bear.
 16566 | Lair:2   | your spectral +7 spectral quick blade {rare} hits the
                  | elephant!
 16567 | Lair:2   | your spectral +7 spectral quick blade {rare} hits the
                  | elephant.
 16567 | Lair:2   | the elephant tramples your spectral +7 spectral quick blade
                  | {rare} but does no damage.
 16567 | Lair:2   | the elephant trunk-slaps your spectral +7 spectral quick
                  | blade {rare}.
 16568 | Lair:2   | your spectral +7 spectral quick blade {rare} hits the
                  | elephant.
 16569 | Lair:2   | Reached skill level 8 in Fighting
 16639 | Lair:2   | your spectral +7 spectral quick blade {rare} hits the
                  | seven-headed hydra!
 16640 | Lair:2   | your spectral +7 spectral quick blade {rare} hits the
                  | seven-headed hydra!
 16643 | Lair:2   | your spectral +7 spectral quick blade {rare} hits the yak!
 16644 | Lair:2   | your spectral +7 spectral quick blade {rare} hits the yak!
 16645 | Lair:2   | your spectral +7 spectral quick blade {rare} hits the yak.
 16648 | Lair:2   | your spectral +7 spectral quick blade {rare} hits the yak!
 16649 | Lair:2   | your spectral +7 spectral quick blade {rare} hits the yak!
 16650 | Lair:2   | your spectral +7 spectral quick blade {rare} hits the yak.
 16653 | Lair:2   | You add the spells Summon Forest, Eringya's Noxious Bog and
                  | Summon Hydra to your library.
 16687 | Lair:2   | You pick up a book of Death and begin reading...
 16687 | Lair:2   | You add the spells Animate Dead, Haunt and Infestation to
                  | your library.
 16810 | Lair:2   | your spectral +7 spectral quick blade {rare} hits the
                  | elephant!
 16811 | Lair:2   | your spectral +7 spectral quick blade {rare} hits the
                  | elephant.
 16812 | Lair:2   | your spectral +7 spectral quick blade {rare} hits the
                  | elephant but does no damage.
 16813 | Lair:2   | your spectral +7 spectral quick blade {rare} hits the
                  | elephant!
 16814 | Lair:2   | your spectral +7 spectral quick blade {rare} hits the
                  | elephant but does no damage.
 16815 | Lair:2   | your spectral +7 spectral quick blade {rare} hits the
                  | elephant!
 16816 | Lair:2   | your spectral +7 spectral quick blade {rare} hits the
                  | elephant but does no damage.
 16816 | Lair:2   | the elephant tramples your spectral +7 spectral quick blade
                  | {rare}!
 16816 | Lair:2   | your spectral +7 spectral quick blade {rare} holds its
                  | ground!
 16816 | Lair:2   | the elephant trunk-slaps your spectral +7 spectral quick
                  | blade {rare} but does no damage.
 16817 | Lair:2   | your spectral +7 spectral quick blade {rare} hits the
                  | elephant!
 16818 | Lair:2   | your spectral +7 spectral quick blade {rare} hits the black
                  | mamba.
 16819 | Lair:2   | your spectral +7 spectral quick blade {rare} barely misses
                  | the black mamba.
 16819 | Lair:2   | the black mamba bites your spectral +7 spectral quick blade
                  | {rare} but does no damage.
 16820 | Lair:2   | your spectral +7 spectral quick blade {rare} hits the black
                  | mamba.
 16821 | Lair:2   | your spectral +7 spectral quick blade {rare} hits the black
                  | mamba!
 16821 | Lair:2   | the black mamba completely misses your spectral +7 spectral
                  | quick blade {rare}.
 17008 | Lair:2   | Gained mutation: Your spells are a little harder to cast,
                  | but a little more powerful. [potion of mutation]
 17008 | Lair:2   | Gained mutation: You are somewhat resistant to further
                  | mutation. [potion of mutation]
 17330 | Lair:3   | You add the spells Ignite Poison and Bolt of Magma to your
                  | library.
 17399 | Lair:3   | your spectral +7 spectral quick blade {rare} completely
                  | misses the bullfrog.
 17400 | Lair:3   | your spectral +7 spectral quick blade {rare} hits the
                  | bullfrog!
 17403 | Lair:3   | your spectral +7 spectral quick blade {rare} hits the yak!
 17404 | Lair:3   | your spectral +7 spectral quick blade {rare} hits the yak!
 17404 | Lair:3   | the yak barely misses your spectral +7 spectral quick blade
                  | {rare}.
 17405 | Lair:3   | your spectral +7 spectral quick blade {rare} hits the yak.
 17405 | Lair:3   | the yak barely misses your spectral +7 spectral quick blade
                  | {rare}.
 17407 | Lair:3   | your spectral +7 spectral quick blade {rare} hits the yak!
 17408 | Lair:3   | your spectral +7 spectral quick blade {rare} hits the yak.
 17409 | Lair:3   | your spectral +7 spectral quick blade {rare} hits the yak!
 17409 | Lair:3   | the yak barely misses your spectral +7 spectral quick blade
                  | {rare}.
 17410 | Lair:3   | your spectral +7 spectral quick blade {rare} closely misses
                  | the yak.
 17412 | Lair:3   | your spectral +7 spectral quick blade {rare} hits the
                  | elephant!
 17412 | Lair:3   | the yak misses your spectral +7 spectral quick blade
                  | {rare}.
 17413 | Lair:3   | your spectral +7 spectral quick blade {rare} hits the
                  | elephant.
 17414 | Lair:3   | your spectral +7 spectral quick blade {rare} hits the
                  | elephant!
 17415 | Lair:3   | your spectral +7 spectral quick blade {rare} hits the
                  | elephant!
 17415 | Lair:3   | the yak gores your spectral +7 spectral quick blade {rare}!
 17416 | Lair:3   | your spectral +7 spectral quick blade {rare} hits the
                  | elephant!
 17417 | Lair:3   | your spectral +7 spectral quick blade {rare} hits the
                  | elephant.
 17417 | Lair:3   | the wolf bites your spectral +7 spectral quick blade
                  | {rare}!
 17418 | Lair:3   | your spectral +7 spectral quick blade {rare} hits the
                  | elephant!
 17418 | Lair:3   | the elephant barely misses your spectral +7 spectral quick
                  | blade {rare}.
 17418 | Lair:3   | the elephant misses your spectral +7 spectral quick blade
                  | {rare}.
 17419 | Lair:3   | your spectral +7 spectral quick blade {rare} hits the
                  | elephant.
 17419 | Lair:3   | the yak gores your spectral +7 spectral quick blade {rare}!
 17421 | Lair:3   | Reached skill level 5 in Spellcasting
 17427 | Lair:3   | your spectral +7 spectral quick blade {rare} hits the yak!
 17446 | Lair:3   | your spectral +7 spectral quick blade {rare} hits the black
                  | mamba!
 17447 | Lair:3   | your spectral +7 spectral quick blade {rare} hits the black
                  | mamba.
 17448 | Lair:3   | your spectral +7 spectral quick blade {rare} hits the black
                  | mamba.
 17449 | Lair:3   | your spectral +7 spectral quick blade {rare} hits the black
                  | mamba.
 17451 | Lair:3   | your spectral +7 spectral quick blade {rare} hits the wolf!
 17452 | Lair:3   | your spectral +7 spectral quick blade {rare} completely
                  | misses the wolf.
 17453 | Lair:3   | your spectral +7 spectral quick blade {rare} hits the yak!
 17454 | Lair:3   | your spectral +7 spectral quick blade {rare} hits the yak!
 17455 | Lair:3   | your spectral +7 spectral quick blade {rare} hits the yak!
 17455 | Lair:3   | the yak closely misses your spectral +7 spectral quick
                  | blade {rare}.
 17460 | Lair:3   | your spectral +7 spectral quick blade {rare} hits the yak!
 17461 | Lair:3   | your spectral +7 spectral quick blade {rare} hits the yak
                  | but does no damage.
 17472 | Lair:3   | your spectral +7 spectral quick blade {rare} hits the cane
                  | toad!
 17473 | Lair:3   | your spectral +7 spectral quick blade {rare} hits the cane
                  | toad.
 17474 | Lair:3   | your spectral +7 spectral quick blade {rare} hits the cane
                  | toad!
 17474 | Lair:3   | your spectral +7 spectral quick blade {rare} hits the
                  | fungus!
 17475 | Lair:3   | your spectral +7 spectral quick blade {rare} hits the cane
                  | toad.
 17475 | Lair:3   | your spectral +7 spectral quick blade {rare} hits the
                  | fungus!
 17475 | Lair:3   | the cane toad stings your spectral +7 spectral quick blade
                  | {rare}!
 17477 | Lair:3   | your spectral +7 spectral quick blade {rare} hits the yak!
 17478 | Lair:3   | your spectral +7 spectral quick blade {rare} hits the yak.
 17483 | Lair:3   | your spectral +7 spectral quick blade {rare} hits the yak.
 17484 | Lair:3   | your spectral +7 spectral quick blade {rare} hits the yak.
 17486 | Lair:3   | Reached skill level 12 in Dodging
 17487 | Lair:3   | your spectral +7 spectral quick blade {rare} hits the yak.
 17489 | Lair:3   | your spectral +7 spectral quick blade {rare} hits the yak.
 17490 | Lair:3   | your spectral +7 spectral quick blade {rare} hits the yak.
 17490 | Lair:3   | the yak closely misses your spectral +7 spectral quick
                  | blade {rare}.
 17491 | Lair:3   | your spectral +7 spectral quick blade {rare} hits the yak.
 17494 | Lair:3   | your spectral +7 spectral quick blade {rare} hits the yak.
 17495 | Lair:3   | your spectral +7 spectral quick blade {rare} barely misses
                  | the yak.
 17499 | Lair:3   | your spectral +7 spectral quick blade {rare} closely misses
                  | the bullfrog.
 17500 | Lair:3   | your spectral +7 spectral quick blade {rare} hits the
                  | bullfrog!
 17510 | Lair:3   | your spectral +7 spectral quick blade {rare} hits the yak.
 17510 | Lair:3   | the yak misses your spectral +7 spectral quick blade
                  | {rare}.
 17511 | Lair:3   | your spectral +7 spectral quick blade {rare} hits the yak!
 17512 | Lair:3   | your spectral +7 spectral quick blade {rare} barely misses
                  | the yak.
 17513 | Lair:3   | your spectral +7 spectral quick blade {rare} hits the yak!
 17515 | Lair:3   | your spectral +7 spectral quick blade {rare} hits the yak.
 17516 | Lair:3   | your spectral +7 spectral quick blade {rare} hits the yak!
 17744 | Lair:3   | your spectral +7 spectral quick blade {rare} hits the cane
                  | toad!
 17745 | Lair:3   | your spectral +7 spectral quick blade {rare} hits the cane
                  | toad!
 17746 | Lair:3   | your spectral +7 spectral quick blade {rare} hits the cane
                  | toad.
 17873 | Lair:3   | your spectral +7 spectral quick blade {rare} hits the polar
                  | bear.
 17874 | Lair:3   | your spectral +7 spectral quick blade {rare} barely misses
                  | the polar bear.
 17875 | Lair:3   | your spectral +7 spectral quick blade {rare} hits the polar
                  | bear!
 17876 | Lair:3   | your spectral +7 spectral quick blade {rare} hits the polar
                  | bear!
 17965 | Lair:3   | your spectral +7 spectral quick blade {rare} hits the oklob
                  | plant but does no damage.
 17966 | Lair:3   | your spectral +7 spectral quick blade {rare} hits the oklob
                  | plant.
 17967 | Lair:3   | your spectral +7 spectral quick blade {rare} hits the oklob
                  | plant but does no damage.
 17968 | Lair:3   | your spectral +7 spectral quick blade {rare} hits the oklob
                  | plant.
 17969 | Lair:3   | your spectral +7 spectral quick blade {rare} hits the oklob
                  | plant.
 17969 | Lair:3   | your spectral +7 spectral quick blade {rare} hits the
                  | plant!
 17970 | Lair:3   | your spectral +7 spectral quick blade {rare} hits the oklob
                  | plant.
 17971 | Lair:3   | your spectral +7 spectral quick blade {rare} hits the oklob
                  | plant but does no damage.
 17972 | Lair:3   | your spectral +7 spectral quick blade {rare} hits the oklob
                  | plant.
 18015 | Lair:3   | your spectral +7 spectral quick blade {rare} hits the bush.
 18019 | Lair:3   | your spectral +7 spectral quick blade {rare} hits the oklob
                  | plant but does no damage.
 18020 | Lair:3   | your spectral +7 spectral quick blade {rare} hits the oklob
                  | plant but does no damage.
 18021 | Lair:3   | your spectral +7 spectral quick blade {rare} hits the oklob
                  | plant but does no damage.
 18022 | Lair:3   | your spectral +7 spectral quick blade {rare} hits the oklob
                  | plant!
 18023 | Lair:3   | your spectral +7 spectral quick blade {rare} hits the oklob
                  | plant.
 18024 | Lair:3   | your spectral +7 spectral quick blade {rare} hits the oklob
                  | plant!
 18336 | Lair:4   | your spectral +7 spectral quick blade {rare} hits the blink
                  | frog!
 18338 | Lair:4   | your spectral +7 spectral quick blade {rare} hits the blink
                  | frog.
 18339 | Lair:4   | your spectral +7 spectral quick blade {rare} hits the blink
                  | frog!
 18341 | Lair:4   | your spectral +7 spectral quick blade {rare} hits the blink
                  | frog.
 18342 | Lair:4   | your spectral +7 spectral quick blade {rare} hits the blink
                  | frog!
 18345 | Lair:4   | your spectral +7 spectral quick blade {rare} hits the blink
                  | frog!
 18406 | Lair:4   | You pick up a book of the Hunter and begin reading...
 18543 | Lair:4   | your spectral +7 spectral quick blade {rare} hits the black
                  | mamba!
 18544 | Lair:4   | your spectral +7 spectral quick blade {rare} hits the black
                  | mamba!
 18544 | Lair:4   | the black mamba barely misses your spectral +7 spectral
                  | quick blade {rare}.
 18545 | Lair:4   | your spectral +7 spectral quick blade {rare} barely misses
                  | the black mamba.
 18546 | Lair:4   | your spectral +7 spectral quick blade {rare} hits the black
                  | mamba but does no damage.
 18546 | Lair:4   | the black mamba misses your spectral +7 spectral quick
                  | blade {rare}.
 18548 | Lair:4   | Reached skill level 9 in Fighting
 18704 | Lair:4   | your spectral +7 spectral quick blade {rare} hits the steam
                  | dragon.
 18704 | Lair:4   | the rime drake bites your spectral +7 spectral quick blade
                  | {rare} but does no damage.
 18705 | Lair:4   | your spectral +7 spectral quick blade {rare} hits the steam
                  | dragon.
 18706 | Lair:4   | your spectral +7 spectral quick blade {rare} hits the steam
                  | dragon!
 18708 | Lair:4   | your spectral +7 spectral quick blade {rare} hits the rime
                  | drake.
 18708 | Lair:4   | the rime drake bites your spectral +7 spectral quick blade
                  | {rare}.
 18710 | Lair:4   | your spectral +7 spectral quick blade {rare} closely misses
                  | the rime drake.
 18711 | Lair:4   | your spectral +7 spectral quick blade {rare} hits the rime
                  | drake!
 18712 | Lair:4   | your spectral +7 spectral quick blade {rare} hits the rime
                  | drake.
 18713 | Lair:4   | your spectral +7 spectral quick blade {rare} barely misses
                  | the rime drake.
 18714 | Lair:4   | your spectral +7 spectral quick blade {rare} hits the rime
                  | drake.
 18715 | Lair:4   | your spectral +7 spectral quick blade {rare} barely misses
                  | the steam dragon.
 18716 | Lair:4   | your spectral +7 spectral quick blade {rare} hits the steam
                  | dragon.
 18717 | Lair:4   | your spectral +7 spectral quick blade {rare} hits the steam
                  | dragon!
 18717 | Lair:4   | the steam dragon misses your spectral +7 spectral quick
                  | blade {rare}.
 18717 | Lair:4   | the steam dragon barely misses your spectral +7 spectral
                  | quick blade {rare}.
 18720 | Lair:4   | Reached skill level 6 in Spellcasting
 18720 | Lair:4   | your spectral +7 spectral quick blade {rare} hits the rime
                  | drake!
 18721 | Lair:4   | your spectral +7 spectral quick blade {rare} hits the rime
                  | drake!
 18721 | Lair:4   | the rime drake bites your spectral +7 spectral quick blade
                  | {rare} but does no damage.
 18723 | Lair:4   | your spectral +7 spectral quick blade {rare} hits the rime
                  | drake.
 18724 | Lair:4   | your spectral +7 spectral quick blade {rare} closely misses
                  | the rime drake.
 18725 | Lair:4   | your spectral +7 spectral quick blade {rare} hits the rime
                  | drake!
 18726 | Lair:4   | your spectral +7 spectral quick blade {rare} hits the rime
                  | drake.
 18726 | Lair:4   | the rime drake bites your spectral +7 spectral quick blade
                  | {rare} but does no damage.
 18734 | Lair:4   | your spectral +7 spectral quick blade {rare} hits the steam
                  | dragon.
 18735 | Lair:4   | your spectral +7 spectral quick blade {rare} hits the steam
                  | dragon!
 18736 | Lair:4   | your spectral +7 spectral quick blade {rare} barely misses
                  | the steam dragon.
 18739 | Lair:4   | your spectral +7 spectral quick blade {rare} hits the steam
                  | dragon but does no damage.
 18740 | Lair:4   | your spectral +7 spectral quick blade {rare} hits the steam
                  | dragon.
 18741 | Lair:4   | your spectral +7 spectral quick blade {rare} hits the steam
                  | dragon but does no damage.
 18742 | Lair:4   | HP: 17/97 [steam dragon (11)]
 18743 | Lair:4   | your spectral +7 spectral quick blade {rare} hits the steam
                  | dragon!
 18744 | Lair:4   | your spectral +7 spectral quick blade {rare} hits the steam
                  | dragon.
 18744 | Lair:4   | the steam dragon breathes steam at your spectral +7
                  | spectral quick blade {rare}.
 18744 | Lair:4   | The ball of steam hits your spectral +7 spectral quick
                  | blade {rare}.
 18744 | Lair:4   | your spectral +7 spectral quick blade {rare} resists.
 18745 | Lair:4   | your spectral +7 spectral quick blade {rare} hits the steam
                  | dragon!
 18760 | Lair:4   | your spectral +7 spectral quick blade {rare} hits the steam
                  | dragon.
 18761 | Lair:4   | your spectral +7 spectral quick blade {rare} hits the steam
                  | dragon!
 18762 | Lair:4   | your spectral +7 spectral quick blade {rare} barely misses
                  | the steam dragon.
 18768 | Lair:4   | your spectral +7 spectral quick blade {rare} hits the rime
                  | drake.
 18769 | Lair:4   | your spectral +7 spectral quick blade {rare} hits the rime
                  | drake!
 18833 | Lair:4   | Do you wish to have your +7 spectral quick blade {rare}
                  | corrupted with distortion?
 18833 | Lair:4   | Identified a +9 quick blade of distortion {rare} (a +7
                  | spectral quick blade {rare} corrupted by Lugonu)
 18833 | Lair:4   | Your quick blade {rare} shines brightly!
 18833 | Lair:4   | Received a gift from Lugonu
 19503 | Lair:5   | Found a bloodstained altar of Trog.
 19633 | Lair:5   | Reached XP level 15. HP: 99/102 MP: 25/25
 19777 | Lair:5   | Learned a level 5 spell: Excruciating Wounds
 19809 | Lair:5   | your +9 quick blade of distortion {rare} shrieks in agony.
 19819 | Lair:5   | Reached skill level 7 in Spellcasting
 19868 | Lair:5   | your +9 quick blade of distortion {rare} seems less pained.
 19988 | Lair:5   | your +9 quick blade of distortion {rare} shrieks in agony.
 20004 | Lair:5   | Reached skill level 10 in Fighting
 20034 | Lair:5   | your +9 quick blade of distortion {rare} seems less pained.
 20185 | Lair:5   | You pick up a book of Changes and begin reading...
 20201 | Lair:5   | your +9 quick blade of distortion {rare} shrieks in agony.
 20238 | Lair:5   | your +9 quick blade of distortion {rare} seems less pained.
 20305 | Lair:5   | Found a runed translucent door.
 20305 | Lair:5   | Found a viscous altar of Jiyva.
 20307 | Lair:5   | Found a staircase to the Slime Pits.
 20391 | Lair:5   | You pick up a book of Air and begin reading...
 20391 | Lair:5   | You add the spells Shock and Swiftness to your library.
 20407 | Lair:5   | Found a shimmering altar of Xom.
 20603 | Lair:5   | Reached skill level 13 in Dodging
 20728 | Lair:6   | Entered Level 6 of the Lair of Beasts
 21026 | Lair:6   | Found a hide-covered altar of Uskayaw.
 21026 | Lair:6   | Found an ornate altar of the Wu Jian Council.
 21627 | Lair:6   | Reached skill level 8 in Spellcasting
 21671 | Lair:6   | Found a large runed translucent door.
 21699 | Lair:6   | Found a large runed translucent door.
 21725 | Lair:6   | Reached skill level 11 in Invocations
 22413 | Lair:6   | Identified the +10 halberd of Guile {freeze, rN+}
 22666 | Orc:1    | Entered Level 1 of the Orcish Mines
 22729 | Orc:1    | Found a burning altar of Makhleb.
 22770 | Orc:1    | You fall into a shaft and drop 1 floor!
 22770 | Orc:2    | Entered Level 2 of the Orcish Mines
 22770 | Orc:2    | Found Qudeppi's Antique Armour Boutique.
 22822 | Orc:2    | Reached skill level 15 in Stealth
 22880 | Orc:2    | Found a staircase to the Elven Halls.
 23121 | Orc:2    | Found Foreshra's General Store.
 23126 | Orc:2    | Reached skill level 11 in Fighting
 23128 | Orc:2    | Bought a book of Unlife for 504 gold pieces
 23128 | Orc:2    | You pick up a book of Unlife and begin reading...
 23128 | Orc:2    | You add the spells Borgnjor's Vile Clutch and Death Channel
                  | to your library.
 23133 | Orc:2    | Learned a level 4 spell: Animate Dead
 23140 | Orc:2    | Learned a level 6 spell: Death Channel
 23146 | Orc:2    | Found Nahydugh's Book Shoppe.
 23151 | Orc:2    | Reached XP level 16. HP: 112/112 MP: 28/28
 23581 | Orc:2    | Reached skill level 11 in Necromancy
 24121 | Orc:2    | Found Cicino's Antique Armour Shoppe.
 24301 | Orc:2    | Bought a masterwork kite shield for 389 gold pieces
 24301 | Orc:2    | Identified the +0 kite shield of Eye-covered the Good
                  | {Will+} (You bought it in a shop on level 2 of the Orcish
                  | Mines)
 24427 | Orc:2    | You pick up a book of Rime and begin reading...
 24427 | Orc:2    | You add the spells Frozen Ramparts and Ice Form to your
                  | library.
 25512 | D:11     | Bought a ring of wizardry for 420 gold pieces
 25512 | D:11     | Bought a ring of see invisible for 210 gold pieces
 25723 | D:14     | Noticed Kirke
 25731 | D:14     | Killed Kirke
 25732 | D:14     | Reached skill level 12 in Invocations
 25789 | D:14     | You fall into a shaft and drop 1 floor!
 25789 | D:15     | Entered Level 15 of the Dungeon
 25975 | D:15     | Found a staircase to the Depths.
 26031 | D:15     | Reached skill level 16 in Stealth
 26150 | D:15     | Paralysed by an ogre mage for 7 turns
 26152 | D:15     | HP: 13/113 [centaur warrior/arrow (17)]
 26152 | D:15     | Slain by a two-headed ogre

Vanquished Creatures
  Jorgrun (D:12)
  Kirke (D:14)
  An emperor scorpion (D:15)
  An orc warlord (Orc:2)
  A dire elephant (D:15)
  A fire dragon (Lair:6)
  10 hydras
  Harold (D:7)
  3 boulder beetles
  Erica (D:10)
  2 centaur warriors
  A death knight (D:13)
  5 death yaks
  8 two-headed ogres
  Urug (Lair:2)
  4 orc high priests (Orc:2)
  Nergalle (D:11)
  A fire crab (Lair:6)
  2 bog bodies (Lair:2)
  Pikel (D:5)
  2 orc knights (Orc:2)
  2 deep elf pyromancers
  5 oklob plants
  3 orc sorcerers
  3 manticores
  4 cyclopes
  7 elephants
  13 black mambas
  Joseph (D:9)
  2 gargoyles
  3 molten gargoyles (Lair:6)
  15 cane toads
  13 komodo dragons
  11 rime drakes
  Maggie (Lair:2)
  An unseen horror (D:13)
  A freezing wraith (D:13)
  5 polar bears
  2 meliai (D:14)
  9 trolls
  A hornet (D:10)
  19 blink frogs
  10 slime creatures
  12 dream sheep
  2 shadows
  2 wraiths
  53 yaks
  7 wyverns
  10 basilisks
  A human (D:7)
  3 hogs (D:7)
  6 vampire mosquitoes
  9 steam dragons
  Grum (D:9)
  A swamp worm (Lair:2)
  7 wargs
  2 nagas (Lair:2)
  An acid dragon (D:11)
  2 hell hounds (Lair:6)
  14 water moccasins
  A floating eye (Lair:3)
  An ice beast (D:6)
  34 orc warriors
  A sky beast (D:7)
  A black bear (shapeshifter) (D:15)
  5 black bears
  4 ogres
  A necrophage (D:8)
  11 wolves
  7 centaurs
  2 lemures (D:5)
  A kobold brigand (Sewer)
  24 bullfrogs
  A scorpion (D:7)
  2 water moccasin zombies (D:5)
  A water moccasin skeleton (D:7)
  9 wights (D:7)
  3 killer bees (D:8)
  2 electric eels
  8 howler monkeys
  3 lava snakes (Lair:6)
  5 jellies
  A centaur skeleton (D:7)
  6 centaur zombies
  4 hounds
  26 orc priests
  5 hell rats (Lair:2)
  2 iguanas
  Ijyb (D:5)
  23 orc wizards
  A killer bee zombie (D:7)
  A hound skeleton (D:5)
  A howler monkey zombie (D:6)
  4 adders
  A howler monkey skeleton (D:5)
  2 river rats (Sewer)
  A white imp (D:7)
  7 worms
  3 dart slugs (D:1)
  90 orcs
  11 endoplasms
  5 giant cockroaches
  8 goblins
  6 hobgoblins
  8 jackals
  2 quokkas
  9 ball pythons
  5 bats
  3 frilled lizards
  10 kobolds
  4 rats
  A plant (Lair:1)
691 creatures vanquished.

Vanquished Creatures (collateral kills)
  A meliai (D:14)
1 creature vanquished.

Vanquished Creatures (others)
  24 fungi
  86 plants
110 creatures vanquished.

Grand Total: 802 creatures vanquished

Table legend:
 A = Non-vault XP
 B = Vault XP
 C = Vault XP percentage of total XP
 D = Non-vault monster count
 E = Vault monster count
 F = Vault count percentage of total count
                 A         B        C        D         E       F
            +---------+---------+-------+---------+---------+-------
      Total |   84731 |   70057 |  45.3 |     407 |     314 |  43.6
            +---------+---------+-------+---------+---------+-------
        D:1 |      41 |       0 |   0.0 |      21 |       0 |   0.0
        D:2 |      38 |       5 |  11.6 |      13 |       3 |  18.8
        D:3 |      39 |       0 |   0.0 |      13 |       0 |   0.0
        D:4 |     282 |     257 |  47.7 |      16 |       2 |  11.1
        D:5 |     249 |     945 |  79.1 |      13 |      10 |  43.5
        D:6 |    1286 |      11 |   0.8 |      13 |       3 |  18.8
        D:7 |    1188 |    2027 |  63.0 |      20 |       7 |  25.9
        D:8 |    2602 |     772 |  22.9 |      22 |      10 |  31.2
        D:9 |    3514 |     729 |  17.2 |      19 |       3 |  13.6
       D:10 |    2135 |     934 |  30.4 |       9 |       1 |  10.0
       D:11 |    4062 |     808 |  16.6 |       8 |       1 |  11.1
       D:12 |    4377 |    3040 |  41.0 |      18 |       1 |   5.3
       D:13 |   10074 |       0 |   0.0 |      19 |       0 |   0.0
       D:14 |    2066 |    1799 |  46.5 |       8 |       1 |  11.1
       D:15 |    1363 |    3607 |  72.6 |       3 |       4 |  57.1
     Lair:1 |    5871 |    1631 |  21.7 |      25 |       5 |  16.7
     Lair:2 |    4791 |   15974 |  76.9 |      24 |      46 |  65.7
     Lair:3 |    5538 |    1815 |  24.7 |      25 |       5 |  16.7
     Lair:4 |    4934 |    5216 |  51.4 |      12 |      15 |  55.6
     Lair:5 |   16085 |     771 |   4.6 |      43 |       6 |  12.2
     Lair:6 |   11690 |   10143 |  46.5 |      35 |      28 |  44.4
      Orc:1 |    2506 |       0 |   0.0 |      28 |       0 |   0.0
      Orc:2 |       0 |   19406 | 100.0 |       0 |     144 | 100.0
      Sewer |       0 |     167 | 100.0 |       0 |      19 | 100.0
            +---------+---------+-------+---------+---------+-------

Illustrated notes

Table legend:
 A = Kills in this place as a percentage of kills in entire the game.
 B = Kills by you in this place as a percentage of kills by you in the entire game.
 C = Kills by friends in this place as a percentage of kills by friends in the entire game.
 D = Other kills in this place as a percentage of other kills in the entire game.
 E = Experience gained in this place as a percentage of experience gained in the entire game.
 F = Experience gained in this place divided by the number of levels of this place that you have seen.
                   A       B       C       D       E      F
               +-------+-------+-------+-------+-------+----------------------
         Total | 100.0 | 100.0 | 100.0 | 100.0 | 100.0 | 5528.1
       Dungeon |  36.2 |  37.5 | 100.0 |   6.2 |  31.2 | 3216.7
          Lair |  37.3 |  36.8 |   0.0 |  50.0 |  54.6 | 14076.5
  Orcish Mines |  23.9 |  23.0 |   0.0 |  43.8 |  14.2 | 10956.0
         Sewer |   2.6 |   2.8 |   0.0 |   0.0 |   0.1 | 167.0
               +-------+-------+-------+-------+-------+----------------------

Table legend: (Time is in decaauts)
 A = Elapsed time spent in this place.
 B = Non-inter-level travel time spent in this place.
 C = Inter-level travel time spent in this place.
 D = Time resting spent in this place.
 E = Time spent auto-exploring this place.
 F = Levels seen in this place.
 G = Mean time per level.
                   A        B        C        D        E       F      G
               +--------+--------+--------+--------+--------+-----+--------+
         Total |  24892 |  22473 |   2419 |    885 |  16471 |  28 |  889.0 |
       Dungeon |  14481 |  12945 |   1536 |    432 |   9782 |  15 |  965.4 |
          Lair |   7477 |   6852 |    625 |    361 |   5037 |   6 | 1246.2 |
  Orcish Mines |   2421 |   2163 |    258 |     92 |   1473 |   2 | 1210.5 |
         Abyss |    286 |    286 |      0 |      0 |     76 |   4 |   71.5 |
         Sewer |    225 |    225 |      0 |      0 |    103 |   1 |  225.0 |
               +--------+--------+--------+--------+--------+-----+--------+

Top non-repeatable levels by time:
   Orc:2: 1887 daAuts
  Lair:2: 1680 daAuts
     D:9: 1654 daAuts
    D:10: 1535 daAuts
  Lair:6: 1421 daAuts
    D:12: 1324 daAuts
     D:2: 1298 daAuts
  Lair:5: 1278 daAuts
    D:11: 1164 daAuts
    D:13: 1131 daAuts
     D:8: 1087 daAuts
  Lair:1: 1068 daAuts
  Lair:4: 1042 daAuts
     D:7: 1032 daAuts
  Lair:3: 986 daAuts
